 Dungeon Crawl Stone Soup version 0.30.0-10-gfe55d96785 (webtiles) character file.

Game seed: 6924945084447317181

17817 Farfigtubin the Severer (level 12, -2/102 HPs)
             Began as a Formicid Fighter on May 13, 2023.
             Was an Elder of Qazlal.
             Slain by an orc warlord
             ... wielding a +0 great mace
              (12 damage)
             ... on level 2 of the Orcish Mines.
             The game lasted 01:17:17 (13244 turns).

Farfigtubin the Severer (Formicid Fighter)         Turns: 13244, Time: 01:17:18

Health: -2/102     AC: 25    Str: 33    XL:     12   Next: 87%
Magic:  2/16       EV: 10    Int:  7    God:    Qazlal [****..]
Gold:   697        SH: 14    Dex: 13    Spells: 11/11 levels left

rFire   . . .        h - +3 dire flail (protect)
rCold   . . .        v - +0 kite shield
rNeg    . . .        I - +0 swamp dragon scales
rPois   +            (helmet unavailable)
rElec   .            x - +2 cloak {rPois}
rCorr   .            J - +0 pair of gloves
SInv    +            b - +2 pair of boots
Will    +....        (no amulet)
Stlth   +            D - +6 ring of strength
HPRegen 0.37/turn    (no ring)
MPRegen 0.15/turn

%: repel missiles
@: mighty, protected from physical damage, under a protective aura, flying
(expiring)
A: permanent stasis, dig shafts and tunnels, antennae 3, four strong arms
a: Dig, Shaft Self, Renounce Religion, Upheaval, Elemental Force


You were on level 2 of the Orcish Mines.
You worshipped Qazlal.
Qazlal was greatly pleased with you.
You visited 4 branches of the dungeon, and saw 14 of its levels.
You also visited: Sewer.

You collected 697 gold pieces.

Inventory:

Hand Weapons
 a - a +0 war axe
 h - a +3 dire flail of protection (weapon)
 z - the +6 spear of the Sun {flame, rF+ rC+ Will+ Str-3}
   (You found it on level 5 of the Dungeon)

   Str:       It affects your strength (-3).
   rF:        It protects you from fire.
   rC:        It protects you from cold.
   Will:      It increases your willpower.
 E - a +1 heavy battleaxe
Missiles
 f - 84 stones
 y - 17 poisoned darts
 G - 2 boomerangs of dispersal
 K - 2 boomerangs
 O - 5 silver boomerangs (quivered)
Armour
 b - a +2 pair of boots (worn)
 v - a +0 kite shield (worn)
 x - a +2 cloak of poison resistance (worn)
 I - +0 swamp dragon scales (worn)
 J - a +0 pair of gloves (worn)
Jewellery
 n - the ring of Abueshro {Ice Fly rCorr Str+5 Dex-5}
   (You found it on level 6 of the Dungeon)

   [ring of ice]

   It enhances your ice magic.
   Str:       It affects your strength (+5).
   Dex:       It affects your dexterity (-5).
   rF:        It makes you vulnerable to fire.
   rC:        It protects you from cold.
   Fly:       It grants you flight.
   rCorr:     It protects you from acid and corrosion.
 D - a +6 ring of strength (left hand)
Wands
 p - a wand of polymorph (11)
 s - a wand of digging (4)
Scrolls
 g - 2 scrolls of enchant weapon
 i - a scroll of acquirement {unknown}
 l - a scroll of identify
 m - 2 scrolls of immolation {unknown}
 q - 4 scrolls of vulnerability
 u - 3 scrolls of fear
 w - a scroll of poison {unknown}
 F - 2 scrolls of noise {unknown}
 H - a scroll of enchant armour {unknown}
 M - a scroll of fog {unknown}
 P - a scroll of magic mapping {unknown}
Potions
 c - a potion of magic {unknown}
 d - a potion of might
 e - a potion of brilliance {unknown}
 j - 4 potions of curing
 k - 3 potions of flight
 o - 2 potions of resistance
 r - a potion of cancellation {unknown}
 t - a potion of mutation {unknown}
 B - a potion of invisibility {unknown}
 C - a potion of berserk rage {unknown}
 L - a potion of lignification
 N - a potion of ambrosia {unknown}


   Skills:
 - Level 12.0 Fighting
 * Level 15.5 Axes
 - Level 3.2 Armour
 + Level 5.8 Shields
 + Level 5.9 Invocations
 - Level 5.0 Evocations


You had 11 spell levels left.
You didn't know any spells.
Your spell library contained the following spells:

 Spells                   Type           Power      Damage    Failure   Level
 Poisonous Vapours        Pois/Air       0%         N/A       86%         2
 Mephitic Cloud           Conj/Pois/Air  0%         N/A       97%         3
 Portal Projectile        Hex/Tloc       0%         N/A       97%         3
 Tukima's Dance           Hex            0%         N/A       97%         3
 Summon Ice Beast         Ice/Summ       0%         N/A       100%        4
 Blade Hands              Tmut           0%         N/A       100%        5
 Freezing Cloud           Conj/Ice/Air   0%         6-21      100%        5
 Summon Mana Viper        Hex/Summ       0%         N/A       100%        5
 Monstrous Menagerie      Summ           0%         N/A       100%        7


Dungeon Overview and Level Annotations

Branches:
Dungeon (10/15)            Temple (1/1) D:6            Lair (1/5) D:8
    Orc (2/2) D:9           Sewer (visited)
    Elf: Orc:2

Altars:
Ashenzari
Cheibriados
Dithmenos
Elyvilon
Fedhas
Gozag
Hepliaklqana
Kikubaaqudgha
Makhleb
Nemelex Xobeh
Okawaru
Qazlal
Ru
Sif Muna
Trog
Uskayaw
Vehumet
Wu Jian
Xom
Yredelemnul
Zin
The Shining One

Shops:
D:3 :   Orc:2 **

Annotations:
D:6 2 runed translucent doors, middlethird's ghost, novice VSAE
D:9 exclusion: 2 doors
D:10 Fannar


Innate Abilities, Weirdness & Mutations

You cannot be hasted, slowed, berserked, paralysed or teleported.
You can dig through walls and to a lower floor.
You have a pair of large antennae on your head. (SInv)
Your four strong arms can wield two-handed weapons with a shield.


Message History

The orc wizard flickers and vanishes for a moment.
The orc warlord is engulfed in blazing flames.
You block the orc warlord's attack.
You sock the orc warlord!
The orc warlord is heavily wounded.
The warg bites you but does no damage. You block the orc's attack.
The orc wizard is engulfed in a thunderstorm.
You kill the orc wizard!
Qazlal accepts your kill. You block the orc knight's attack.
The orc warlord is engulfed in blazing flames.
The orc warlord completely misses you. The warg barely misses you.
You puncture the orc warlord!
The orc warlord is heavily wounded.
The orc is engulfed in blazing flames.
You kill the orc!
Qazlal accepts your kill. You block the orc knight's attack.
The warg barely misses you.
The orc warlord is engulfed in blazing flames.
The orc warlord hits you with a +0 great mace!!
* * * LOW HITPOINT WARNING * * *
Okay, then.
You puncture the orc warlord!
The orc warlord is severely wounded.
The warg barely misses you. The orc knight completely misses you.
Unknown command.
You hit the orc warlord but do no damage.
The orc warlord is severely wounded.
The orc warlord is engulfed in blazing flames.
The orc warlord hits you with a +0 great mace!
* * * LOW HITPOINT WARNING * * *
The warg bites you but does no damage.
The orc knight hits you with a +3 great sword!
* * * LOW HITPOINT WARNING * * *
You puncture the orc warlord!
The orc warlord is almost dead.
You are starting to lose your buoyancy.
You block the warg's attack.
The orc warlord hits you with a +0 great mace!
You die...

........#.......##.###.
.....................#..
....................#...
..........)).)..........
.........).)..#.#......#
..........))...........#
........................
.....)○o○).............#
....)o)@).............##
.....)§oh.............##
.....)§.....∩.....#....#
8.8.).).................
...)....................
'''##...................
... ###......#...)#.....
.. ##...#.....).)....
#...........)...#


You could see an orc warlord, an orc knight (strong), a warg and an orc
(strong).

Vanquished Creatures
  An orc warlord (Orc:1)
  Erica (D:9)
  A death yak (D:8)
  2 two-headed ogres (D:9)
  Pikel (D:9)
  3 orc knights
  3 orc sorcerers (Orc:2)
  A cyclops (Orc:1)
  Maurice (D:9)
  Maggie (D:7)
  A komodo dragon (Lair:1)
  An ice devil (Lair:1)
  A polar bear (Lair:1)
  A hornet (D:4)
  A wraith (D:9)
  6 yaks
  Grum (D:9)
  A steam dragon (D:9)
  5 water moccasins
  17 orc warriors
  A sky beast (D:7)
  2 black bears
  3 centaurs
  10 wolves
  A lemure (D:9)
  17 ogres
  2 kobold brigands (D:8)
  3 scorpions
  9 bullfrogs
  A cane toad simulacrum (Lair:1)
  2 gnoll sergeants
  8 wights
  3 killer bees (D:7)
  An electric eel (D:8)
  3 howler monkeys
  A crimson imp (D:6)
  4 hounds
  2 jellies (D:6)
  A sleepcap (D:6)
  2 gnoll boudas
  15 orc priests
  Jessica (D:2)
  6 iguanas
  Natasha (thrice) (D:4)
  13 orc wizards
  A troll simulacrum (Lair:1)
  26 gnolls
  8 adders
  A river rat (D:6)
  A white imp (D:6)
  A worm (D:4)
  3 dart slugs
  96 orcs
  7 ball pythons
  4 bats
  5 endoplasms
  A giant cockroach (D:1)
  14 goblins
  9 hobgoblins
  7 jackals
  2 quokkas
  8 frilled lizards
  24 kobolds
  7 rats
389 creatures vanquished.

Vanquished Creatures (others)
  3 orcs (Orc:2)
3 creatures vanquished.

Grand Total: 392 creatures vanquished

Notes
Turn   | Place    | Note
-------+----------+-------------------------------------------
     0 | D:1      | Farfigtubin the Formicid Fighter began the quest for the
                  | Orb.
     0 | D:1      | Reached XP level 1. HP: 18/18 MP: 1/1
   234 | D:2      | Reached XP level 2. HP: 24/24 MP: 2/2
   285 | D:2      | Reached skill level 3 in Axes
   285 | D:2      | Reached XP level 3. HP: 30/30 MP: 3/3
   907 | D:2      | Noticed Jessica
   917 | D:2      | Killed Jessica
   918 | D:2      | Reached XP level 4. HP: 20/37 MP: 4/4
  1371 | D:3      | Reached skill level 4 in Axes
  1420 | D:3      | Found Fequ's Book Emporium.
  1450 | D:3      | Noticed a great orb of eyes
  1454 | D:3      | Noticed a great orb of eyes
  1457 | D:3      | Found a faded altar of an unknown god.
  1461 | D:3      | Noticed a shining eye
  1461 | D:3      | Noticed a golden eye
  1483 | D:3      | Reached XP level 5. HP: 37/42 MP: 5/5
  1662 | D:3      | HP: 2/42 [scorpion (6)]
  1924 | D:4      | Reached XP level 6. HP: 49/50 MP: 6/6
  1925 | D:4      | Noticed Natasha
  1929 | D:4      | Reached skill level 5 in Axes
  1943 | D:3      | Reached skill level 5 in Fighting
  2070 | D:4      | Killed Natasha
  2120 | D:4      | Identified the +9 mace of Wyrd {protect, SInv}
  2162 | D:4      | Noticed Natasha
  2297 | D:4      | Killed Natasha
  2338 | D:4      | Noticed Natasha
  2343 | D:4      | Killed Natasha
  2397 | D:3      | Reached XP level 7. HP: 52/56 MP: 7/7
  2692 | D:4      | Reached skill level 6 in Axes
  2864 | D:4      | Noticed a hornet
  2877 | D:4      | Killed a hornet
  3121 | D:4      | Reached skill level 7 in Axes
  3282 | D:4      | Reached XP level 8. HP: 58/64 MP: 8/8
  3477 | D:5      | Entered Level 5 of the Dungeon
  4135 | D:5      | Reached skill level 8 in Axes
  4208 | D:5      | Identified the +6 spear of the Sun {flame, rF+ rC+ Will+
                  | Str-3}
  4434 | D:5      | Reached XP level 9. HP: 72/72 MP: 9/9
  4469 | D:5      | Reached skill level 9 in Axes
  4831 | D:6      | Identified the ring of Abueshro {Ice Fly rCorr Str+5 Dex-5}
  5056 | D:6      | Found a staircase to the Ecumenical Temple.
  5194 | D:6      | Found a glowing drain.
  5201 | Sewer    | Entered a sewer
  5260 | Sewer    | Reached skill level 10 in Axes
  5419 | Temple   | Entered the Ecumenical Temple
  5432 | Temple   | Became a worshipper of Qazlal Stormbringer
  5671 | D:6      | Found a large runed translucent door.
  5671 | D:6      | Found a large runed translucent door.
  5672 | D:6      | Noticed middlethird's ghost (novice VSAE)
  6888 | D:6      | Reached * piety under Qazlal
  6889 | D:6      | Reached XP level 10. HP: 80/82 MP: 10/10
  7327 | D:7      | Reached skill level 11 in Axes
  7338 | D:7      | Reached skill level 1 in Evocations
  7394 | D:7      | Noticed Maggie
  7414 | D:7      | Killed Maggie
  7658 | D:7      | Reached ** piety under Qazlal
  8772 | D:8      | Found a staircase to the Lair.
  8878 | D:8      | Found a blossoming altar of Fedhas.
  8879 | D:8      | Found a shadowy altar of Dithmenos.
  9338 | D:9      | Reached *** piety under Qazlal
  9415 | D:9      | Noticed a two-headed ogre
  9426 | D:9      | Killed a two-headed ogre
  9427 | D:9      | Reached skill level 12 in Axes
  9547 | D:9      | Noticed Maurice
  9556 | D:9      | Reached skill level 10 in Fighting
  9560 | D:9      | Killed Maurice
  9561 | D:9      | Reached XP level 11. HP: 65/90 MP: 11/11
  9803 | D:9      | Found a staircase to the Orcish Mines.
  9847 | D:9      | Noticed Grum
  9857 | D:9      | Killed Grum
  9877 | D:9      | Reached skill level 5 in Evocations
 10033 | D:9      | Noticed Erica
 10065 | D:9      | Killed Erica
 10066 | D:9      | Reached skill level 13 in Axes
 10119 | D:9      | Noticed Pikel
 10129 | D:9      | Killed Pikel
 10338 | D:9      | Noticed a two-headed ogre
 10355 | D:9      | Killed a two-headed ogre
 10916 | D:10     | Entered Level 10 of the Dungeon
 10920 | D:10     | Noticed Fannar
 10981 | Lair:1   | Entered Level 1 of the Lair of Beasts
 11239 | Lair:1   | Reached skill level 1 in Invocations
 11297 | Lair:1   | Reached skill level 14 in Axes
 11538 | Lair:1   | Found the +4 moon troll leather armour {Spirit, Regen++
                  | MP+5}
 11544 | Lair:1   | Noticed a death yak
 11593 | D:8      | Killed a death yak
 11594 | D:8      | Reached XP level 12. HP: 94/100 MP: 13/13
 11832 | Orc:1    | Entered Level 1 of the Orcish Mines
 11839 | Orc:1    | Reached **** piety under Qazlal
 12174 | Orc:1    | Noticed an orc warlord
 12222 | Orc:1    | Killed an orc warlord
 12688 | Orc:2    | Entered Level 2 of the Orcish Mines
 12841 | Orc:2    | Reached skill level 15 in Axes
 13018 | Orc:2    | Reached skill level 5 in Invocations
 13025 | Orc:2    | Found Ruarel's General Store.
 13080 | Orc:2    | Found Fiopnop's Fabulous Fripperies.
 13105 | Orc:2    | Reached ***** piety under Qazlal
 13200 | Orc:2    | Reached skill level 5 in Shields
 13209 | Orc:2    | Noticed an orc warlord
 13216 | Orc:2    | Noticed a soul eater
 13244 | Orc:2    | Slain by an orc warlord

Illustrated notes

Levels and vault maps discovered:
D:1:      lightli_arrival_farm, layout_basic
D:2:      layout_rooms, uniq_jessica
D:3:      layout_rooms, serial_shops, nicolae_shop_trees,
          hellmonk_ecumenical_altar_watching_god
D:4:      layout_loops_ring, uniq_natasha
D:5:      kb_forest_paths, layout_rooms
D:6:      layout_rooms, minmay_temple_entry_proselytizer,
          ebering_ghost_disaster_area, portal_sewer_entry_e,
          minmay_fire_ice_demons
D:7:      corexii_shantytown, layout_basic, minmay_misc_feat_columns,
          uniq_maggie
D:8:      layout_basic, nicolae_overflow_squiral, grunt_lair_entry_orc_guard_hut
D:9:      layout_irregular_city, hiddenorc2_lemuel, st_stairs_6, minivault_19,
          serial_park_tiny_1, minmay_door_square, minmay_holes,
          nrook_pool_corridor, grunt_decor_resistance, uniq_erica, uniq_grum,
          uniq_maurice, uniq_pikel
D:10:     layout_long_grid, nicolae_shop_i_like_big_books, uniq_fannar
Temple:   nicolae_temple_bog_church
Lair:1:   dreamdust_isle_of_ice, layout_big_grid, uniq_nergalle, uniq_urug
Orc:1:    layout_caves, basic_altar, serial_shops,
          nicolae_shop_tiny_statue_garden, hangedman_feature_mirror
Orc:2:    grunt_orc_community_town_hall, layout_caves,
          grunt_orc_community_big_house_1, grunt_orc_community_big_house_1,
          grunt_orc_community_house_3, grunt_orc_community_house_1,
          grunt_orc_community_house_3, grunt_orc_community_house_2,
          grunt_orc_community_house_3, serial_shops, shop,
          nicolae_alphabet_shops, hangedman_minor_magic

Skill      XL: |  1  2  3  4  5  6  7  8  9 10 11 12 |
---------------+-------------------------------------+-----
Axes           | 3 4 5 7 8 10 12 14 15 | 15.5
Fighting       | 4 5 6 7 8 10 11 12 | 12.0
Evocations     | 4 5 |  5.0
Invocations    | 2 5 |  5.9
Shields        | 5 |  5.8
Armour         | |  3.2

Action                     |  1- 3 |  4- 6 |  7- 9 | 10-12 || total
---------------------------+-------+-------+-------+-------++-------
  Melee: War axe           |    77 |   163 |   317 |   262 ||   819
         Dire flail        |       |       |       |   347 ||   347
  Throw: Stone             |       |       |    29 |     9 ||    38
         Dart              |       |       |     5 |    24 ||    29
         Boomerang         |       |       |       |    12 ||    12
         Throwing net      |       |       |       |     1 ||     1
 Invoke: Disaster Area     |       |       |       |     2 ||     2
  Evoke: Wand              |       |     1 |    25 |     8 ||    34
    Use: Potion            |       |     3 |     2 |     6 ||    11
         Scroll            |       |       |       |     8 ||     8
 Armour: Scale mail        |    41 |    71 |     2 |       ||   114
         Chain mail        |       |       |   149 |    13 ||   162
         Skin              |       |       |     3 |       ||     3
         Swamp dragon scal |       |       |       |   201 ||   201
  Dodge: Dodged            |    24 |    77 |    92 |   219 ||   412
         Repelled          |       |       |       |     2 ||     2
  Block: Buckler           |    15 |    44 |    64 |    71 ||   194
         Kite shield       |       |       |       |   316 ||   316
